 Dungeon Crawl Stone Soup version 0.27-a0-40-g5f2be0e231 (webtiles) character file.

Game seed: 4077811338985845404

4612 Borgoz the Grappler (level 10, -12/84 HPs)
             Began as a Ghoul Gladiator on Jan 6, 2021.
             Was an Initiate of Dithmenos.
             Mangled by a death yak (14 damage)
             ... on level 9 of the Dungeon.
             The game lasted 00:10:22 (9228 turns).

Borgoz the Grappler (Ghoul Gladiator)               Turns: 9228, Time: 00:10:22

Health: -12/84     AC: 12    Str: 28    XL:     10   Next: 42%
Magic:  0/0        EV: 15    Int:  3    God:    Dithmenos [......]
Gold:   366        SH:  5    Dex: 13    Spells: 9/9 levels left

rFire    . . .     SeeInvis .     - Unarmed
rCold    + + .     Faith    .   (no shield)
rNeg     + + +     Spirit   .   g - +0 ring mail
rPois    ∞         Reflect  +   u - +2 helmet
rElec    .         Harm     .   h - +1 cloak
rCorr    .         Rampage  .   (no gloves)
Will     .....                  D - +0 pair of boots
Stlth    ++........             j - amulet of Idiham {Reflect *Slow +Inv MP-9 Str+9 SH+5}
HPRegen  0.00/turn              s - ring of protection from cold
MPRegen  0.07/turn              (no ring)

@: mighty
A: claws 1, cold resistance 1, negative energy resistance 3, inhibited
regeneration, torment resistance, unbreathing
a: Renounce Religion, Evoke Invisibility


You were on level 9 of the Dungeon.
You worshipped Dithmenos.
Dithmenos was noncommittal.
You visited 2 branches of the dungeon, and saw 10 of its levels.

You collected 366 gold pieces.

Inventory:

Missiles
 c - 2 throwing nets (quivered)
Armour
 g - a +0 ring mail (worn)
 h - a +1 cloak (worn)
 u - a +2 helmet (worn)
 D - a +0 pair of boots (worn)
Jewellery
 f - an uncursed amulet of regeneration
 j - the amulet of Idiham (around neck) {Reflect *Slow +Inv MP-9 Str+9 SH+5}
   (You found it on level 6 of the Dungeon)

   [amulet of reflection]

   It shields you and reflects attacks.
   It affects your strength (+9).
   It affects your magic capacity (-9).
   It lets you turn invisible.
   It may slow you when you take damage.
   It affects your SH (+5).
 n - an uncursed amulet of faith
 q - an uncursed amulet of the acrobat
 s - a ring of protection from cold (left claw)
Wands
 p - a wand of iceblast (11)
 r - a wand of random effects (19)
 t - a wand of acid (9)
Scrolls
 a - 3 scrolls of identify
 d - a scroll of enchant armour
 e - 2 scrolls of noise
 l - a scroll of amnesia {unknown}
 m - a scroll of random uselessness {unknown}
 x - a scroll of teleportation {unknown}
 y - a scroll of remove curse {unknown}
 A - a scroll of magic mapping {unknown}
 C - a scroll of immolation {unknown}
Potions
 i - 2 potions of curing
 k - 2 potions of brilliance {unknown}
 o - 3 potions of attraction {unknown}
 v - 2 potions of magic
 w - 2 potions of degeneration {unknown}
 z - a potion of flight {unknown}


   Skills:
 + Level 6.7 Fighting
 - Level 1.7 Throwing
 + Level 5.1 Armour
 * Level 8.0 Dodging
 - Level 5.0 Stealth
 + Level 9.6 Unarmed Combat
 + Level 0.7 Invocations
 + Level 0.4 Evocations


You had 9 spell levels left.
You didn't know any spells.
Your spell library contained the following spells:

 Spells                   Type           Power        Failure   Level
 Shock                    Conj/Air       0%           65%         1
 Summon Small Mammal      Summ           0%           65%         1
 Call Imp                 Summ           0%           78%         2
 Swiftness                Air            0%           78%         2
 Call Canine Familiar     Summ           0%           95%         3
 Static Discharge         Conj/Air       0%           95%         3
 Summon Guardian Golem    Hex/Summ       0%           95%         3
 Airstrike                Air            0%           100%        4
 Summon Ice Beast         Ice/Summ       0%           100%        4
 Summon Lightning Spire   Summ/Air       0%           100%        4
 Lightning Bolt           Conj/Air       0%           100%        5


Dungeon Overview and Level Annotations

Branches:
Dungeon (9/15)             Temple (1/1) D:4            Lair (0/6) D:9
    Orc: D:9-12

Altars:
Ashenzari
Cheibriados
Dithmenos
Elyvilon
Fedhas
Hepliaklqana
Kikubaaqudgha
Makhleb
Nemelex Xobeh
Okawaru
Qazlal
Ru
Sif Muna
Trog
Uskayaw
Vehumet
Wu Jian
Xom
Yredelemnul
Zin
The Shining One


Innate Abilities, Weirdness & Mutations

You thrive by killing the living.
You are immune to poison.
You have sharp fingernails.
Your flesh is cold resistant. (rC+)
You are immune to negative energy. (rN+++)
You do not regenerate when monsters are visible.
You are immune to unholy pain and torment.
You can survive without breathing.


Message History

The killer bee stings you but does no damage.
You feel better. The killer bee closely misses you.
You block the killer bee's attack. The death yak completely misses you.
The killer bee stings you but does no damage.
The death yak barely misses you. The killer bee barely misses you.
You feel very mighty all of a sudden.
The orc wizard is no longer moving quickly.
The killer bee stings you. The killer bee closely misses you.
A river rat comes into view.
The death yak gores you!!
* * * LOW HITPOINT WARNING * * *
The killer bee closely misses you. The death yak gores you.
* * * LOW HITPOINT WARNING * * *
A river rat comes into view.
The quokka bites you but does no damage.
The killer bee completely misses you.
You miss the killer bee. You block the killer bee's attack.
The killer bee stings you but does no damage.
The death yak gores you!
You die...

#.#r.#r.>.#..
.......#.....#......
........#...r........
........#....rrY...
........#.......r.
#..§....#....r..#
#.......#...rYY.#
#.......#####@#
#[.........oyy#
####...#..o.y# #.).#.....#
#)[.#.....# #...#.....#
...#...####################
............................
..................=.........


You could see 3 death yaks, a hell rat, 3 killer bees, an orc wizard, 4 river
rats, an orc, 2 quokkas and a rat.

Vanquished Creatures
  A two-headed ogre (D:8)
  Prince Ribbit (D:8)
  A wyvern (D:8)
  5 yaks (D:6)
  Edmund (D:4)
  3 orc warriors
  2 phantoms
  3 centaurs (D:7)
  3 ogres
  3 bullfrogs (D:6)
  A gnoll sergeant (D:7)
  2 scorpions
  A killer bee (D:9)
  5 wights (D:7)
  A howler monkey (D:6)
  2 bullfrog zombies
  A jelly (D:6)
  7 orc priests
  5 hounds
  4 orc wizards
  2 centaur skeletons
  2 bullfrog skeletons
  4 iguanas
  6 worker ants
  A killer bee zombie (D:6)
  Robin (D:3)
  3 gnolls (D:7)
  4 adders
  3 shadow imps
  3 white imps
  3 ufetubi
  2 adder zombies (D:7)
  3 adder skeletons
  3 worms
  2 dart slugs
  4 leopard geckos
  27 orcs
  2 ball pythons
  6 giant cockroaches
  18 goblins
  7 hobgoblins
  7 jackals
  7 quokkas
  3 bats
  8 frilled lizards
  A jackal zombie (D:6)
  8 kobolds
  10 rats
202 creatures vanquished.

Vanquished Creatures (others)
  An orc wizard (D:6)
  A goblin (D:2)
  A plant (D:1)
3 creatures vanquished.

Grand Total: 205 creatures vanquished

Notes
Turn   | Place    | Note
-------+----------+-------------------------------------------
     0 | D:1      | Borgoz the Ghoul Gladiator began the quest for the Orb.
     0 | D:1      | Reached XP level 1. HP: 17/17 MP: 0/0
   402 | D:1      | Reached XP level 2. HP: 24/24 MP: 1/1
  1067 | D:2      | Found a shimmering blue altar of Sif Muna.
  1078 | D:2      | Reached XP level 3. HP: 30/30 MP: 2/2
  1260 | D:2      | Reached skill level 1 in Armour
  1260 | D:2      | Reached skill level 1 in Stealth
  1260 | D:2      | Reached skill level 4 in Unarmed Combat
  1260 | D:2      | Reached XP level 4. HP: 28/37 MP: 3/3
  1384 | D:2      | Found a basalt altar of Yredelemnul.
  1403 | D:2      | Found a shimmering altar of Xom.
  1598 | D:2      | Found a radiant altar of Vehumet.
  1955 | D:3      | Found a stormy altar of Qazlal.
  2333 | D:3      | Noticed Robin
  2340 | D:3      | Reached XP level 5. HP: 44/44 MP: 4/4
  2363 | D:3      | Killed Robin
  2634 | D:4      | Found a staircase to the Ecumenical Temple.
  2745 | D:4      | Noticed an ogre
  2750 | D:4      | Killed an ogre
  2751 | D:4      | Reached XP level 6. HP: 33/51 MP: 5/5
  2875 | D:4      | Reached skill level 5 in Unarmed Combat
  3276 | D:4      | Noticed Edmund
  3286 | D:5      | Entered Level 5 of the Dungeon
  3582 | D:4      | Killed Edmund
  3583 | D:4      | Reached XP level 7. HP: 32/58 MP: 6/6
  4655 | D:5      | Reached skill level 6 in Unarmed Combat
  5059 | D:6      | Reached skill level 5 in Dodging
  5059 | D:6      | Reached XP level 8. HP: 56/66 MP: 7/7
  6075 | D:6      | Reached skill level 7 in Unarmed Combat
  6329 | D:6      | Got a dazzling dagger
  6336 | D:6      | Identified the +2 dagger "Goimig" {vorpal, rElec rF- SInv}
                  | (You found it on level 6 of the Dungeon)
  6404 | D:6      | Reached skill level 5 in Fighting
  6404 | D:6      | Got a pitted iron amulet
  6420 | D:6      | Identified the amulet of Idiham {Reflect *Slow +Inv MP-9
                  | Str+9 SH+5} (You found it on level 6 of the Dungeon)
  6810 | D:7      | Noticed a yak
  6811 | D:7      | Noticed a yak
  6811 | D:7      | Noticed a yak
  6812 | D:7      | Noticed a yak
  6812 | D:7      | Noticed a yak
  6831 | D:6      | Killed a yak
  6832 | D:6      | Reached XP level 9. HP: 63/74 MP: 0/8
  6916 | D:6      | Reached skill level 5 in Stealth
  6925 | D:6      | Reached skill level 8 in Unarmed Combat
  7704 | D:7      | Reached skill level 9 in Unarmed Combat
  7704 | D:7      | Reached XP level 10. HP: 65/83 MP: 0/9
  8041 | D:8      | Found a burning altar of Makhleb.
  8168 | Temple   | Entered the Ecumenical Temple
  8272 | Temple   | Became a worshipper of Dithmenos the Shadowed
  8575 | D:8      | Noticed Prince Ribbit
  8609 | D:8      | Killed Prince Ribbit
  8718 | D:8      | Noticed a two-headed ogre
  8725 | D:8      | Killed a two-headed ogre
  8726 | D:8      | Reached skill level 5 in Armour
  9219 | D:9      | Noticed a death yak
  9220 | D:9      | Noticed a death yak
  9220 | D:9      | HP: 3/84 [killer bee (6)]
  9221 | D:9      | Found a staircase to the Lair.
  9224 | D:9      | Noticed a death yak
  9227 | D:9      | HP: 2/84 [death yak (6)]
  9228 | D:9      | Mangled by a death yak

Illustrated notes

Levels and vault maps discovered:
D:1:      ncdulo_halloftheorcs, layout_loops_ring, serial_forest,
          infiniplex_forest_clump_curved, infiniplex_forest_clump_small,
          infiniplex_forest_lined_1, infiniplex_forest_split,
          infiniplex_forest_end_3, infiniplex_forest_straight_1, hex_medium,
          minmay_misc_feat_more_columns
D:2:      layout_rooms, xom_teletrap_fun, fiery_altar_vehumet,
          old_standard_altar, lemuel_crystal_altar, grunt_ministairs_14,
          serial_bayou_pond_e
D:3:      layout_loops_ring, nicolae_qazlal_eye_of_the_storm, uniq_robin
D:4:      layout_basic, temple_pool_b, uniq_edmund
D:5:      layout_gridville
D:6:      layout_basic, lightli_minifort
D:7:      layout_cave_pools, minmay_bent
D:8:      layout_basic, nicolae_overflow_hidden_temple,
          nicolae_overflow_crystal_walls, uniq_prince_ribbit1
D:9:      layout_grid_maze, dpeg_lair_monsters, uniq_maggie
Temple:   regret_index_temple_waves

Skill      XL: |  1  2  3  4  5  6  7  8  9 10 |
---------------+-------------------------------+-----
Dodging        | 3 4 5 6 7 8 |  8.0
Armour         | 1 2 3 4 5 |  5.1
Stealth        | 1 2 3 4 5 |  5.0
Unarmed Combat | 4 5 6 7 9 |  9.6
Fighting       | 3 4 5 6 |  6.7
Throwing       | |  1.7
Invocations    | |  0.7
Evocations     | |  0.4

Action                   |  1- 3 |  4- 6 |  7- 9 | 10-12 || total
-------------------------+-------+-------+-------+-------++-------
Melee: Unarmed           |   106 |   230 |   376 |    85 ||   797
       Punch             |       |     1 |    10 |     7 ||    18
Throw: Throwing net      |       |     1 |       |       ||     1
Evoke: Wand              |       |     1 |       |       ||     1
  Use: Potion            |       |     4 |     1 |     4 ||     9
       Scroll            |       |     2 |     1 |     2 ||     5
 Stab: Sleeping          |       |     1 |     3 |       ||     4
Armor: Leather armour    |     3 |       |       |       ||     3
       Ring mail         |    31 |    71 |   121 |    55 ||   278
Dodge: Dodged            |    56 |   142 |   261 |   133 ||   592
Block: Other             |       |       |    40 |    46 ||    86
       Reflection        |       |       |     1 |       ||     1

Table legend: (Time is in decaauts)
 A = Elapsed time spent in this place.
 B = Non-inter-level travel time spent in this place.
 C = Inter-level travel time spent in this place.
 D = Time resting spent in this place.
 E = Time spent auto-exploring this place.
 F = Levels seen in this place.
 G = Mean time per level.
                   A        B        C        D        E       F      G
               +--------+--------+--------+--------+--------+-----+--------+
         Total |   9153 |   8494 |    659 |   1618 |   5375 |  10 |  915.3 |
       Dungeon |   9039 |   8393 |    646 |   1618 |   5283 |   9 | 1004.3 |
        Temple |    114 |    102 |     12 |      0 |     92 |   1 |  114.0 |
               +--------+--------+--------+--------+--------+-----+--------+

Top non-repeatable levels by time:
     D:6: 2398 daAuts
     D:4: 1266 daAuts
     D:5: 1260 daAuts
     D:1: 1199 daAuts
     D:8: 806 daAuts
     D:3: 803 daAuts
     D:7: 657 daAuts
     D:2: 579 daAuts
  Temple: 114 daAuts
     D:9: 69 daAuts
